 Dungeon Crawl Stone Soup version 0.31.0-12-g77e489cdc1 (webtiles) character file.

Game seed: 17616308362189288524

13 spaghetti the Changeling (level 2, -27/27 HPs)
             Began as an Oni Shapeshifter on Mar 2, 2024.
             Killed by an exploding goblin (45 damage)
             ... ignited by their inner flame
             ... on level 2 of the Dungeon.
             The game lasted 00:00:32 (1069 turns).

spaghetti the Changeling (Oni Shapeshifter)         Turns: 1069, Time: 00:00:33

Health: -27/27     AC:  3    Str: 17    XL:     2   Next: 37%
Magic:  2/2        EV:  9    Int: 11    God:
Gold:   19         SH:  0    Dex:  8    Spells: 1/1 levels left

rFire   . .          .
                       - Unarmed
rCold   . . .        (no shield)
rNeg    . . .        a - +0 animal skin
rPois   .            (helmet currently unavailable)
rElec   .            (cloak currently unavailable)
rCorr   .            (gloves unavailable)
SInv    .            (boots unavailable)
Will    .....        (no amulet)
Stlth   +            (no ring)
HPRegen 0.24/turn    (no ring)
MPRegen 0.08/turn

%: no passive effects
@: beast-form
A: beast (slay +1), large, unfitting armour, horns 1, tough skin 1, double
potion healing, drunken brawling
a: Begin Untransformation


You were on level 2 of the Dungeon.
You were a hulking beast.
You visited 1 branch of the dungeon, and saw 2 of its levels.

You collected 19 gold pieces.

Inventory:

Armour
 a - a +0 animal skin (worn)
Talismans
 c - a beast talisman
 d - a flux talisman
Scrolls
 e - 2 scrolls of teleportation
 h - a scroll of enchant armour
Potions
 b - a potion of lignification
 f - a potion of heal wounds {unknown}
 g - 2 potions of curing


   Skills:
 - Level 1.3 Fighting
 - Level 1.7 Dodging
 + Level 3.0 Unarmed Combat
 + Level 3.3 Shapeshifting


You had one spell level left.
You didn't know any spells.
Your spell library contained the following spells:

 Spells                   Type           Power      Damage    Failure   Level
 Call Imp                 Summ           0%         N/A       47%         2
 Sublimation of Blood     Necr           0%         N/A       47%         2
 Summon Hydra             Summ           0%         N/A       100%        7


Dungeon Overview and Level Annotations

Branches:
Dungeon (2/15)

Altars:


Innate Abilities, Weirdness & Mutations

You are a hulking beast.
Your limbs bulge with bestial killing power. (Slay +1)
You are too large for most types of armour.
You have a pair of small horns on your head.
You have tough skin. (AC +1)
You gain doubled healing and magic from potions.
Whenever you drink a healing potion, you attack all around you.


Message History

No target in view!
No target in view!
No target in view!
No target in view!
No target in view!
No target in view!
You see here a +0 war axe.
i - a scroll labelled AROMAAXZOMUF
j - a scroll labelled NOFYSM TAUHAC You open the door.
There is an open door here.
There is an open door here.
Found a stone staircase leading up.
A goblin comes into view. It is wielding a +0 club.
The goblin hits you but does no damage.
You closely miss the goblin. The goblin closely misses you.
You barely miss the goblin. The goblin hits you with a +0 club.
You barely miss the goblin. The goblin hits you with a +0 club.
You are too injured to fight recklessly!
You are too injured to fight recklessly!
You are too injured to fight recklessly!
As you read the scroll labelled NOFYSM TAUHAC, it crumbles to dust.
You hear a loud clanging noise!
It was a scroll of noise.
You hear a shout!
The goblin hits you with a +0 club.
A hobgoblin comes into view.
As you read the scroll labelled AROMAAXZOMUF, it crumbles to dust.
The creatures around you are filled with an inner flame!
It was a scroll of immolation.
The goblin completely misses you.
You are too injured to fight recklessly!
You are too injured to fight recklessly!
You are too injured to fight recklessly!
You hit the goblin.
Flame seeps out of the goblin.
The goblin is heavily wounded.
The goblin is engulfed in blazing flames.
The goblin explodes!
The fiery explosion engulfs you!!!
Ouch! That really hurt!
You die...

#......##........#
##.<........####.#
#.#........# #.#
#..........####.###
####.#.............
#.##...#.###.###
#+######.....#
#.###.# #.#.§h#
#.#.§○# #...§.§
+.......# ####...##
#g.## #.# #.


You could see a hobgoblin (inner flame).

Vanquished Creatures
  2 bats
  2 endoplasms
  A goblin (D:2)
  A quokka (D:1)
  2 ball pythons (D:1)
  A frilled lizard (D:1)
  3 kobolds (D:1)
  2 rats (D:1)
14 creatures vanquished.

Notes
Turn   | Place    | Note
-------+----------+-------------------------------------------
     0 | D:1      | spaghetti the Oni Shapeshifter began the quest for the Orb.
     0 | D:1      | Reached XP level 1. HP: 19/19 MP: 1/1
   169 | D:1      | Reached XP level 2. HP: 27/27 MP: 2/2
  1069 | D:2      | Killed by an exploding goblin... ignited by their inner
                  | flame

Illustrated notes

Levels and vault maps discovered:
D:1:      roadster_arrival_rocket_small, layout_loops_ring
D:2:      layout_loops_corners, uniq_natasha

Skill      XL: |  1  2 |
---------------+-------+-----
Unarmed Combat | 3 |  3.0
Fighting       | |  1.3
Dodging        | |  1.7
Shapeshifting  | |  3.3

Action                     || total
---------------------------++-------
  Melee: Unarmed           ||    29
         Headbutt          ||     4
         Punch             ||     1
    Use: Scroll            ||     4
         Potion            ||     1
 Armour: Animal skin       ||    21
  Dodge: Dodged            ||    12
